 Dungeon Crawl Stone Soup version 0.30-a0-613-gdd512c7efb (webtiles) character file.

Game seed: 11352365801540889276

1 drugrobin the Sneak (level 1, -8/18 HPs)
             Began as a Demigod Delver on Jan 9, 2023.
             Mangled by an iguana (13 damage)
             ... on level 5 of the Dungeon.
             The game lasted 00:00:40 (98 turns).

drugrobin the Sneak (Demigod Delver)                  Turns: 98, Time: 00:00:40

Health: -8/18      AC:  3    Str: 13    XL:     1   Next: 13%
Magic:  3/3        EV: 17    Int: 12    God:
Gold:   0          SH:  0    Dex: 15    Spells: 0/0 levels left

rFire   . . .      SeeInvis .    b - +0 sling
rCold   . . .      Faith    .    (no shield)
rNeg    . . .      Spirit   .    a - +0 leather armour
rPois   .          Reflect  .    (no helmet)
rElec   .          Harm     .    (no cloak)
rCorr   .          Rampage  .    (no gloves)
Will    .....                    (no boots)
Stlth   +++                      (no amulet)
HPRegen 0.23/turn                g - +5 ring of evasion
MPRegen 0.08/turn                (no ring)

@: no status effects
A: high MP 1, forlorn, divine attributes
a: no special abilities


You were on level 5 of the Dungeon.
You visited 1 branch of the dungeon, and saw 2 of its levels.

Inventory:

Hand Weapons
 b - a +0 sling (weapon)
Armour
 a - a +0 leather armour (worn)
Jewellery
 g - a +5 ring of evasion (left hand)
Wands
 f - a wand of digging (3)
Scrolls
 c - a scroll of magic mapping
 d - a scroll of fear
 h - a scroll of fog
Potions
 e - a potion of haste


   Skills:
 + Level 2.7 Fighting
 + Level 1.8 Dodging
 + Level 4.5 Stealth
 + Level 1.8 Unarmed Combat


You couldn't memorise any spells.
You didn't know any spells.
Your spell library was empty.

Dungeon Overview and Level Annotations

Branches:
Dungeon (5/15)
 Temple: D:4-7

Annotations:
D:4 Blork the orc


Innate Abilities, Weirdness & Mutations

You have an increased reservoir of magic. (+10% MP)
You shall have no god before yourself.
Your divine heritage dramatically boosts your attributes as you level up.


Message History

Things that are here:
a +0 sling; a +0 dagger Unknown command.
Unknown command.
Unknown command.
Unknown command.
You see here a +0 short sword.
Unknown command.
Unknown command.
Unknown command.
HP restored.
Could not explore, unopened door.
As you open the door, it creaks loudly!
There is an open door here.
A gnoll comes into view. It is wielding a +0 spear.
Unknown command.
Fire: b) +0 sling
Press: ? - help, Q - select action Shift-Dir - straight line, f - gnoll
Aim: a gnoll, wielding a +0 spear (asleep, 98% to hit)
You shoot a sling bullet. The sling bullet hits the gnoll.
The gnoll shouts!
The gnoll is moderately wounded.
A hound comes into view.
A gnoll comes into view. It is wielding a +0 club.
Unknown command.
Unknown command.
Blork the orc comes into view.
He is wielding a +0 dire flail.
The gnoll misses you.
There is a stone staircase leading down here.
Unknown command.
You can't go up here!
Unknown command.
Blork the orc shouts!
The gnoll hits you with a +0 spear.
You climb downwards.
The iguana bites you!
Ouch! That really hurt!
* * * LOW HITPOINT WARNING * * *
The iguana bites you!
Ouch! That really hurt!
You die...

.......##. ........
....... .....$...
#####..... . .......?..
......... .# ..........
........# #.#.#.........
###..).l##..............
##....).@#.$..#".........
#..#...g.....##......$...
.....#..................?
.##.?.......#.#...>.....
###.###.....#.........
#..###..............
##..................
#..####<.....######.
...... #......# #


You could see an iguana and a gnoll.

Vanquished Creatures
  A goblin (D:4)
1 creature vanquished.

Notes
Turn   | Place    | Note
-------+----------+-------------------------------------------
     0 | D:5      | drugrobin the Demigod Delver began the quest for the Orb.
     0 | D:5      | Reached XP level 1. HP: 18/18 MP: 3/3
    12 | D:5      | Noticed an iguana
    81 | D:4      | Noticed a hound
    96 | D:4      | Noticed Blork the orc
    98 | D:5      | Mangled by an iguana

Illustrated notes

Levels and vault maps discovered:
D:4:      layout_basic, temple_statues, uniq_eustachio, uniq_blork_the_orc,
          uniq_pikel
D:5:      layout_rooms, led_sif_pool, trog_three_pillars_becter

Action                   || total
-------------------------++-------
 Fire: Sling             ||     3
Dodge: Dodged            ||     1

Table legend: (Time is in decaauts)
 A = Elapsed time spent in this place.
 B = Non-inter-level travel time spent in this place.
 C = Inter-level travel time spent in this place.
 D = Time resting spent in this place.
 E = Time spent auto-exploring this place.
 F = Levels seen in this place.
 G = Mean time per level.
                   A        B        C        D        E       F      G
               +--------+--------+--------+--------+--------+-----+--------+
         Total |     98 |     98 |      0 |      0 |     26 |   2 |   49.0 |
       Dungeon |     98 |     98 |      0 |      0 |     26 |   2 |   49.0 |
               +--------+--------+--------+--------+--------+-----+--------+

Top non-repeatable levels by time:
     D:4: 62 daAuts
     D:5: 35 daAuts
